 Dungeon Crawl Stone Soup version 0.26-a0-818-g75db068ed4 (webtiles) character file.

Game seed: 3127213098930108308

1592 miscthings the Slicer (level 9, -9/78 HPs)
             Began as a Kobold Berserker on Nov 14, 2020.
             Was a Priest of Trog.
             Mangled by an ice beast (10 damage)
             ... on level 6 of the Dungeon.
             The game lasted 00:09:56 (4271 turns).

miscthings the Slicer (Kobold Berserker)            Turns: 4271, Time: 00:09:56

Health: -9/78      AC: 11    Str: 19    XL:     9   Next: 15%
Magic:  9/9        EV: 14    Int: 11    God:    Trog [***...]
Gold:   325        SH:  0    Dex: 16    Spells: 8/8 levels left

rFire    + + .     SeeInvis .   E - +9 hand axe of the Pits of Slime {venom, Str+4 Dex+2}
rCold    x . .     Faith    .   (shield restricted)
rNeg     + . .     Spirit   .   g - +0 fire dragon scales
rPois    .         Reflect  .   r - +0 helmet
rElec    .         Harm     .   p - scarf {repulsion}
rCorr    .         Rampage  .   s - +0 pair of gloves
MR       +....                  q - +0 pair of boots
Stlth    ..........             e - amulet of regeneration
HPRegen  0.63/turn              n - ring of protection from magic
MPRegen  0.11/turn              x - ring of positive energy

@: berserking, repel missiles, very quick
A: small, nightstalker 3
a: Berserk, Trog's Hand, Renounce Religion


You were on level 6 of the Dungeon.
You worshipped Trog.
Trog was most pleased with you.
You visited 1 branch of the dungeon, and saw 6 of its levels.

You collected 325 gold pieces.

Inventory:

Hand Weapons
 a - a +0 short sword
 E - the +9 hand axe of the Pits of Slime (weapon) {venom, Str+4 Dex+2}
   (You found it on level 5 of the Dungeon)

   It poisons the flesh of those it strikes.
   It affects your strength (+4).
   It affects your dexterity (+2).
Missiles
 y - 2 throwing nets
 B - 7 atropa-tipped darts (quivered)
Armour
 b - a +0 animal skin
 g - +0 fire dragon scales (worn)
 p - a scarf of repulsion (worn)
 q - a +0 pair of boots (worn)
 r - a +0 helmet (worn)
 s - a +0 pair of gloves (worn)
Jewellery
 e - an amulet of regeneration (around neck)
 k - the ring "Fasokor" {Fire Str-3 Dex+7}
   (You found it on level 1 of the Dungeon)

   [ring of fire]

   It enhances your fire magic.
   It affects your strength (-3).
   It affects your dexterity (+7).
   It protects you from fire.
   It makes you vulnerable to cold.
 n - a ring of protection from magic (left hand)
 x - a ring of positive energy (right hand)
 C - an uncursed ring of resist corrosion
Wands
 j - a wand of digging (3)
 v - a wand of flame (14)
 z - a wand of enslavement (7)
Scrolls
 c - 5 scrolls of remove curse
 d - a scroll of amnesia
 f - 2 scrolls of identify {@r1}
 l - a scroll of fog {unknown}
 m - a scroll of immolation {unknown}
 t - 2 scrolls of enchant armour
 w - a scroll of fear {unknown}
 F - a scroll of magic mapping {unknown}
Potions
 h - 6 potions of curing
 i - 3 potions of heal wounds
 o - a potion of ambrosia
 u - a potion of attraction
 A - 2 potions of might
 D - a potion of brilliance
 G - a potion of resistance


   Skills:
 + Level 4.5 Fighting
 - Level 12.0 Short Blades
 + Level 2.7 Throwing
 - Level 1.5 Armour
 + Level 4.1 Dodging
 + Level 3.7 Stealth
 + Level 3.0 Evocations


You had 8 spell levels left.
You didn't know any spells.
Your spell library was empty.

Dungeon Overview and Level Annotations

Branches:
Dungeon (6/15)             Temple (0/1) D:5

Altars:
Makhleb
Nemelex Xobeh
Qazlal


Innate Abilities, Weirdness & Mutations

You are small and have problems with some larger weapons.
You are completely attuned to the shadows.


Message History

* * * LOW HITPOINT WARNING * * *
The ice beast hits you but does no damage.
Okay, then.
A red film seems to cover your vision as you go berserk!
You feel yourself moving faster!
You feel mighty! The ice beast hits you.
* * * LOW HITPOINT WARNING * * *
The ice beast freezes you!
You feel a terrible chill!
* * * LOW HITPOINT WARNING * * *
You closely miss the ice beast.
The ice beast is moderately wounded.
The ice beast closely misses you.
You closely miss the ice beast.
The ice beast is moderately wounded.
The ice beast barely misses you.
You closely miss the ice beast.
The ice beast is moderately wounded.
The ice beast hits you.
* * * LOW HITPOINT WARNING * * *
The ice beast freezes you!
You feel a terrible chill!
You die...

........####
..).....#####
...####.....# ...
#.###.# .. #.# #.#
.# #.###.### ##.##
........## ##...##
.###....####.....#
###...@.$..†...
#.#Y###..?..#
..###.......## ##
#.#####.## #.# ##
... ##


You could see an ice beast.

Vanquished Creatures
  The ghost of Giavanni the Cleaver, a novice MiFi of Okawaru (D:5)
  Sigmund (D:2)
  3 ogres
  A bullfrog (D:5)
  A scorpion (D:4)
  A howler monkey (D:4)
  A crimson imp (D:4)
  3 hounds
  4 orc priests
  A centaur skeleton (D:4)
  Terence (D:2)
  Natasha (thrice) (D:4)
  An iguana (D:5)
  An orc wizard (D:5)
  6 worker ants
  3 gnolls (D:4)
  6 adders
  An ufetubus (D:5)
  An adder skeleton (D:5)
  2 dart slugs
  5 leopard geckos
  4 orcs
  2 giant cockroaches
  6 goblins
  8 hobgoblins
  4 jackals (D:5)
  2 quokkas (D:2)
  A ball python (D:3)
  4 bats
  6 frilled lizards
  7 kobolds
  A leopard gecko skeleton (D:6)
  6 rats
98 creatures vanquished.

Notes
Turn   | Place    | Note
-------+----------+-------------------------------------------
     0 | D:1      | miscthings the Kobold Berserker began the quest for the
                  | Orb.
     0 | D:1      | Reached XP level 1. HP: 14/14 MP: 1/1
    26 | D:1      | Noticed an electric eel
   178 | D:1      | Reached XP level 2. HP: 18/19 MP: 2/2
   288 | D:1      | Reached skill level 5 in Short Blades
   587 | D:2      | Found a sparkling altar of Nemelex Xobeh.
   715 | D:1      | Got a bound amber ring
   716 | D:1      | Identified the ring "Fasokor" {Fire Str-3 Dex+7} (You found
                  | it on level 1 of the Dungeon)
   813 | D:2      | Reached XP level 3. HP: 23/23 MP: 3/3
   821 | D:2      | Noticed an ogre
   831 | D:2      | Killed an ogre
   832 | D:2      | Reached skill level 7 in Short Blades
   832 | D:2      | Reached XP level 4. HP: 28/28 MP: 4/4
   832 | D:2      | Reached XP level 5. HP: 32/32 MP: 5/5
  1034 | D:2      | Reached ** piety under Trog
  1035 | D:2      | Noticed Terence
  1042 | D:2      | Killed Terence
  1497 | D:2      | Noticed Sigmund
  1506 | D:2      | Killed Sigmund
  1507 | D:2      | Reached skill level 9 in Short Blades
  1507 | D:2      | Reached XP level 6. HP: 37/37 MP: 6/6
  1548 | D:2      | Found a stormy altar of Qazlal.
  2509 | D:4      | Reached XP level 7. HP: 41/41 MP: 7/7
  2567 | D:4      | Reached skill level 10 in Short Blades
  2618 | D:4      | Noticed Natasha
  2629 | D:4      | Killed Natasha
  2629 | D:4      | Reached *** piety under Trog
  2764 | D:4      | Reached skill level 11 in Short Blades
  2764 | D:4      | Reached XP level 8. HP: 13/46 MP: 8/8
  2846 | D:4      | Noticed Natasha
  2861 | D:4      | Killed Natasha
  2961 | D:4      | Noticed Natasha
  2984 | D:4      | Killed Natasha
  3035 | D:4      | Found a burning altar of Makhleb.
  3512 | D:5      | Entered Level 5 of the Dungeon
  3526 | D:5      | Reached skill level 12 in Short Blades
  3603 | D:5      | Found a staircase to the Ecumenical Temple.
  3623 | D:5      | Reached skill level 1 in Stealth
  3652 | D:5      | Reached skill level 1 in Evocations
  3726 | D:5      | Got a glimmering hand axe
  3727 | D:5      | Identified the +9 hand axe of the Pits of Slime {venom,
                  | Str+4 Dex+2} (You found it on level 5 of the Dungeon)
  3737 | D:5      | Reached skill level 1 in Throwing
  3783 | D:5      | Found a runed translucent door.
  4167 | D:5      | Noticed Giavanni's ghost (novice MiFi)
  4180 | D:5      | Killed Giavanni's ghost
  4181 | D:5      | Reached XP level 9. HP: 50/52 MP: 9/9
  4268 | D:6      | HP: 2/78 [ice beast (7)]
  4271 | D:6      | Mangled by an ice beast

Illustrated notes

Levels and vault maps discovered:
D:1:      arrival_aquarium_a, layout_rooms, due_unseen_surprise
D:2:      layout_basic, lemuel_doored_altar, nemelex_altar_shiori,
          kennysheep_cross_room, minmay_misc_feat_columns, uniq_sigmund,
          uniq_terence
D:3:      layout_basic, amethyst_killhole
D:4:      layout_basic, makhleb_grotto_becter, serial_glass, glass_columns_a,
          glass_columns_a, glass_columns_b, glass_columns_c, glass_columns_a,
          glass_columns_a, nrook_campfire, uniq_natasha
D:5:      layout_rooms, minmay_temple_entry_statues_fountains,
          ebering_ghost_sewer_d
D:6:      layout_loops_ring

Skill      XL: |  1  2  3  4  5  6  7  8 |
---------------+-------------------------+-----
Short Blades   | 5 7 9 11 12 | 12.0
Stealth        | 3 |  3.7
Evocations     | 3 |  3.0
Throwing       | 2 |  2.7
Dodging        | 4 |  4.1
Fighting       | 4 |  4.5
Armour         | |  1.5

Action                   |  1- 3 |  4- 6 |  7- 9 || total
-------------------------+-------+-------+-------++-------
Melee: Short sword       |    57 |   149 |   243 ||   449
       Hand axe          |       |       |    34 ||    34
Invok: Berserk           |     1 |     3 |     7 ||    11
       Trog's Hand       |       |       |     1 ||     1
Evoke: Wand              |     1 |       |     2 ||     3
  Use: Scroll            |       |     9 |     2 ||    11
 Stab: Sleeping          |     1 |       |       ||     1
       Distracted        |       |       |     1 ||     1
Armor: Animal skin       |     3 |       |       ||     3
       Fire dragon scale |     9 |    47 |    75 ||   131
Dodge: Dodged            |    31 |    93 |   109 ||   233
       Repelled          |       |       |     3 ||     3

Table legend: (Time is in decaauts)
 A = Elapsed time spent in this place.
 B = Non-inter-level travel time spent in this place.
 C = Inter-level travel time spent in this place.
 D = Time resting spent in this place.
 E = Time spent auto-exploring this place.
 F = Levels seen in this place.
 G = Mean time per level.
                   A        B        C        D        E       F      G
               +--------+--------+--------+--------+--------+-----+--------+
         Total |   4230 |   4010 |    220 |    304 |   2906 |   6 |  705.0 |
       Dungeon |   4230 |   4010 |    220 |    304 |   2906 |   6 |  705.0 |
               +--------+--------+--------+--------+--------+-----+--------+

Top non-repeatable levels by time:
     D:2: 1134 daAuts
     D:4: 1057 daAuts
     D:5: 726 daAuts
     D:3: 657 daAuts
     D:1: 612 daAuts
     D:6: 41 daAuts
